 Dungeon Crawl Stone Soup version 0.29.1-2-gbd0b4ee654 (webtiles) character file.

Game seed: 11142865276088828196

12714 raph the Arsonist (level 11, -8/61 HPs)
             Began as a Deep Elf Fire Elementalist on Nov 23, 2022.
             Was an Elder of Kikubaaqudgha.
             Mangled by a skeletal warrior
             ... wielding a +0 flail
              (25 damage)
             ... on level 10 of the Dungeon.
             The game lasted 00:27:53 (16413 turns).

raph the Arsonist (Deep Elf Fire Elementalist)     Turns: 16413, Time: 00:27:54

Health: -8/61      AC: 12    Str:  5    XL:     11   Next: 66%
Magic:  2/26       EV: 13    Int: 29    God:    Kikubaaqudgha [****..]
Gold:   518        SH:  5    Dex: 15    Spells: 3/29 levels left

rFire   . . .      SeeInvis .   M - +6 quarterstaff "Trog's Hatred" {vorpal, rPois Int+4 Stlth+}
rCold   . . .      Faith    .   (shield currently unavailable)
rNeg    . . .      Spirit   .   T - +0 acid dragon scales
rPois   +          Reflect  +   C - +1 helmet
rElec   .          Harm     .   d - +1 cloak
rCorr   +          Rampage  .   w - +0 pair of gloves
Will    ++...                   p - +0 pair of boots
Stlth   +++.......              H - amulet of reflection
HPRegen 0.20/turn               E - ring of willpower
MPRegen 0.20/turn               (no ring)

@: no status effects
A: no striking features
a: Renounce Religion, Unearth Wretches


You were on level 10 of the Dungeon.
You worshipped Kikubaaqudgha.
Kikubaaqudgha was greatly pleased with you.
You visited 2 branches of the dungeon, and saw 11 of its levels.
You also visited: Sewer and Bailey.

You collected 1361 gold pieces.
You spent 843 gold pieces at shops.

Inventory:

Hand Weapons
 c - a +1 dagger
 o - a +0 dagger of electrocution
 u - a +0 rapier
 I - a +0 shortbow
 L - a +2 long sword of freezing
 M - the +6 quarterstaff "Trog's Hatred" (weapon) {vorpal, rPois Int+4 Stlth+}
   (You bought it in a shop on level 4 of the Dungeon)

   It inflicts extra damage upon your enemies.
   Int:       It affects your intelligence (+4).
   rPois:     It protects you from poison.
   Stlth:     It makes you more stealthy.
Missiles
 k - 8 curare-tipped darts
 y - 6 poisoned darts
Armour
 a - a +0 robe
 d - a +1 cloak (worn)
 i - a scarf of shadows
 l - a +0 hat
 p - a +0 pair of boots (worn)
 w - a +0 pair of gloves (worn)
 B - a +2 animal skin
 C - a +1 helmet (worn)
 T - +0 acid dragon scales (worn)
Jewellery
 D - a ring of ice
 E - a ring of willpower (left hand)
 H - an amulet of reflection (around neck)
Wands
 r - a wand of light (7)
 A - a wand of roots (12)
 F - a wand of paralysis (6)
 P - a wand of mindburst (7)
 S - a wand of polymorph (5)
Scrolls
 e - 4 scrolls of blinking
 q - 7 scrolls of teleportation
 s - 3 scrolls of silence
 x - a scroll of enchant weapon
 J - a scroll of poison
 K - 5 scrolls of identify
 N - a scroll of butterflies
 Q - a scroll of fear
 U - a scroll of brand weapon {unknown}
Potions
 b - 2 potions of magic
 f - 2 potions of brilliance
 g - 3 potions of ambrosia
 h - 2 potions of heal wounds
 j - 5 potions of cancellation
 m - 4 potions of mutation
 n - 2 potions of haste
 t - 5 potions of curing
 v - 2 potions of berserk rage
 z - 5 potions of resistance
 G - 3 potions of might
Miscellaneous
 O - a phial of floods
 R - a condenser vane


   Skills:
 - Level 4.3 Fighting
 - Level 6.8 Dodging
 - Level 2.4 Stealth
 + Level 9.6 Spellcasting
 - Level 6.7 Conjurations
 - Level 5.2 Hexes
 * Level 10.6 Necromancy
 - Level 11.2 Fire Magic
 * Level 4.7 Earth Magic


You had 3 spell levels left.
You knew the following spells:

 Your Spells              Type           Power      Damage    Failure   Level
a - Foxfire               Conj/Fire      100%       2x1d9     1%          1
b - Scorch                Fire           100%       2d10      1%          2
c - Conjure Flame         Conj/Fire      60%        6-21      1%          3
d - Inner Flame           Hex/Fire       58%        N/A       1%          3
e - Flame Wave            Conj/Fire      60%        2d14      1%          4
f - Sublimation of Blood  Necr           66%        N/A       1%          2
g - Blink                 Tloc           28%        N/A       13%         2
h - Anguish               Hex/Necr       28%        N/A       3%          4
i - Borgnjor's Vile Clut  Necr/Erth      27%        N/A       10%         5

Your spell library contained the following spells:

 Spells                   Type           Power      Damage    Failure   Level
 Necrotise                Necr           100%       1d9       1%          1
 Slow                     Hex            100%       N/A       1%          1
 Vampiric Draining        Necr           66%        2d10      1%          3
 Confusing Touch          Hex            44%        N/A       3%          3
 Gell's Gravitas          Tloc           14%        N/A       26%         3
 Lesser Beckoning         Tloc           14%        N/A       26%         3
 Teleport Other           Tloc           14%        N/A       26%         3
 Dispel Undead            Necr           66%        3d23      1%          4
 Agony                    Necr           66%        N/A       3%          5
 Death Channel            Necr           33%        N/A       17%         6
 Corpse Rot               Necr/Pois/Air  34%        N/A       21%         4
 Simulacrum               Ice/Necr       22%        N/A       83%         6
 Manifold Assault         Tloc           14%        N/A       93%         5
 Storm Form               Tmut/Air       7%         N/A       100%        7


Dungeon Overview and Level Annotations

Branches:
Dungeon (10/15)            Temple (1/1) D:4             Orc (0/2) D:9
  Sewer (visited)          Bailey (visited)
   Lair: D:8-11

Altars:
Ashenzari
Cheibriados
Dithmenos
Elyvilon
Fedhas
Gozag
Hepliaklqana
Kikubaaqudgha
Makhleb
Nemelex Xobeh
Okawaru
Qazlal
Ru
Sif Muna
Trog
Uskayaw
Vehumet
Wu Jian
Xom
Yredelemnul
Zin
The Shining One

Shops:
D:4 (   D:10 *


Message History

Flames lash the skeletal warrior.
The skeletal warrior is heavily damaged.
The skeletal warrior's fire resistance burns away.
You block the skeletal warrior's attack.
Casting: Scorch (safe; 1% risk of failure)
Confirm with . or Enter, or press ? or * to list all spells.
Flames lash the skeletal warrior.
The skeletal warrior is burned terribly!
The skeletal warrior is severely damaged.
A howler monkey skeleton comes into view.
You block the skeletal warrior's attack.
Casting: Scorch (safe; 1% risk of failure)
Confirm with . or Enter, or press ? or * to list all spells.
Casting: Flame Wave (dangerous; 1% risk of failure)
Press: ? - help, Dir - look around, f - activate A wave of flame ripples out!
The flame wave engulfs the skeletal warrior.
The skeletal warrior is burned terribly!
The skeletal warrior is severely damaged. (Press . to intensify the flame waves.)
The skeletal warrior hits you with a +0 flail!
A wave of flame ripples out!
The flame wave engulfs the skeletal warrior.
The skeletal warrior is burned terribly!
The skeletal warrior is severely damaged.
The flame wave engulfs the howler monkey skeleton!
The howler monkey skeleton is severely damaged.
The skeletal warrior hits you with a +0 flail!!
* * * LOW HITPOINT WARNING * * *
A wave of flame ripples out!
The flame wave engulfs the howler monkey skeleton!
You destroy the howler monkey skeleton!
Kikubaaqudgha accepts your kill.
The flame wave engulfs the skeletal warrior!
The skeletal warrior is burned terribly!
The skeletal warrior is almost destroyed.
You finish channelling waves of flame.
The skeletal warrior hits you with a +0 flail!!
You die...
Kikubaaqudgha rasps: "You have failed me!
Welcome... death!"

.# .. ..# #.. .. .. #.#
##.# ..##.. #.##.#
##########.##.#
#.......##....#
##..#.#..##..#@####
#.#.#'#.#.#..#.z..#
##.##.##.##..#.........
#####.#)#.###..#.........
...............##........
....)..........##........
..###.#.#.########.......
..##.##.##.## ......#
..#.#.#'#.#.# #####.#


You could see a skeletal warrior (combustible).

Vanquished Creatures
  A boulder beetle (D:10)
  A cyclops (D:9)
  3 centaur skeletons (D:10)
  An unseen horror zombie (D:10)
  3 unseen horror skeletons (D:10)
  A troll (D:9)
  A hornet (D:9)
  2 meliai zombies (D:10)
  7 shadows
  4 flying skulls (D:10)
  A wyvern (D:8)
  5 wraiths (D:10)
  14 yaks
  A steam dragon (D:9)
  An acid dragon (D:10)
  6 orc warriors
  2 ice beasts
  2 sky beasts (D:7)
  3 centaurs
  A phantom (D:5)
  5 bullfrogs
  2 necrophages
  2 gnoll sergeants (D:9)
  A scorpion (D:5)
  8 wights
  3 killer bees (D:8)
  6 howler monkeys
  3 centaur zombies (D:10)
  A crimson imp (D:3)
  4 jellies
  6 orc priests
  4 hounds
  Jessica (D:2)
  5 orc wizards
  7 iguanas
  Terence (D:3)
  Robin (D:4)
  14 gnolls
  A howler monkey skeleton (D:10)
  3 river rats (Sewer)
  7 adders
  2 shadow imps (D:7)
  2 white imps (D:6)
  2 ufetubi
  3 worms
  4 dart slugs
  36 orcs
  12 ball pythons
  3 endoplasms
  4 giant cockroaches
  28 goblins
  9 hobgoblins
  10 jackals
  25 kobolds
  7 quokkas
  5 bats
  9 frilled lizards
  A goblin skeleton (D:3)
  5 hobgoblin zombies (D:3)
  2 kobold zombies (D:3)
  An orc skeleton (D:3)
  13 rats
  2 butterflies (D:10)
330 creatures vanquished.

Vanquished Creatures (collateral kills)
  A bullfrog (D:7)
1 creature vanquished.

Vanquished Creatures (others)
  879 foxfires
879 creatures vanquished.

Grand Total: 1210 creatures vanquished

Notes
Turn   | Place    | Note
-------+----------+-------------------------------------------
     0 | D:1      | raph the Deep Elf Fire Elementalist began the quest for the
                  | Orb.
     0 | D:1      | Reached XP level 1. HP: 10/10 MP: 6/6
   522 | D:1      | Reached XP level 2. HP: 11/15 MP: 5/8
   606 | D:1      | Reached skill level 4 in Fire Magic
   688 | D:1      | Learned a level 2 spell: Scorch
   738 | D:1      | Found a faded altar of an unknown god.
  1508 | D:1      | Reached XP level 3. HP: 14/19 MP: 1/9
  1512 | D:1      | Learned a level 3 spell: Conjure Flame
  1830 | D:2      | Noticed Jessica
  1832 | D:2      | Reached skill level 5 in Fire Magic
  1837 | D:2      | Killed Jessica
  1838 | D:2      | Reached XP level 4. HP: 24/24 MP: 0/10
  1845 | D:2      | Learned a level 3 spell: Inner Flame
  3037 | D:3      | Found a snail-covered altar of Cheibriados.
  3043 | D:3      | Reached skill level 6 in Fire Magic
  3328 | D:3      | Found a sacrificial altar of Ru.
  3494 | D:3      | Found a glowing golden altar of the Shining One.
  3779 | D:3      | Noticed Terence
  3782 | D:3      | Reached XP level 5. HP: 26/28 MP: 2/11
  3999 | D:3      | Found a bloodstained altar of Trog.
  4074 | D:3      | Killed Terence
  4987 | D:4      | Found a glowing drain.
  5083 | Sewer    | Entered a sewer
  5154 | Sewer    | Reached skill level 7 in Fire Magic
  5528 | Sewer    | Reached XP level 6. HP: 32/32 MP: 9/13
  6282 | D:4      | Found a staircase to the Ecumenical Temple.
  6290 | Temple   | Entered the Ecumenical Temple
  6458 | Temple   | Became a worshipper of Kikubaaqudgha
  6753 | D:4      | Learned a level 4 spell: Flame Wave
  6908 | D:4      | Found Lenic's Weapon Shop.
  7060 | D:4      | Noticed Robin
  7068 | D:4      | Killed Robin
  7446 | D:5      | Entered Level 5 of the Dungeon
  7499 | D:5      | Reached XP level 7. HP: 36/36 MP: 9/16
  7508 | D:5      | Reached skill level 5 in Spellcasting
  7634 | D:5      | Found an opulent altar of Gozag.
  7705 | D:5      | Reached skill level 1 in Necromancy
  7813 | D:5      | Found a hazy altar of Hepliaklqana.
  7842 | D:5      | Reached skill level 1 in Fighting
  7842 | D:5      | Reached * piety under Kikubaaqudgha
  7842 | D:5      | Received a gift from Kikubaaqudgha
  7843 | D:5      | Reached skill level 8 in Fire Magic
  8022 | D:5      | Learned a level 2 spell: Sublimation of Blood
  8317 | D:6      | Reached XP level 8. HP: 43/43 MP: 10/18
  9040 | D:6      | Learned a level 2 spell: Blink
  9383 | D:6      | Identified the +0 pair of gloves "Bakuemui" {Harm Drain
                  | rCorr SInv}
  9835 | D:7      | Reached skill level 5 in Necromancy
  9835 | D:7      | Reached skill level 9 in Fire Magic
  9868 | D:7      | Found a flagged portal.
  9883 | D:7      | Reached ** piety under Kikubaaqudgha
 10026 | Bailey   | Entered a bailey
 10163 | Bailey   | Noticed an orc warlord
 10443 | Bailey   | Reached XP level 9. HP: 49/49 MP: 13/20
 10593 | Bailey   | Found a runed translucent gate.
 10596 | Bailey   | Found a runed translucent gate.
 10599 | Bailey   | Found a runed translucent gate.
 11143 | D:7      | Acquired a book of Decay
 11150 | D:7      | Learned a level 4 spell: Anguish
 11236 | D:8      | Found a hide-covered altar of Uskayaw.
 11243 | D:8      | Reached skill level 5 in Conjurations
 11344 | D:8      | Reached skill level 1 in Hexes
 11867 | D:8      | Reached skill level 5 in Dodging
 12027 | D:8      | Found a shadowy altar of Dithmenos.
 12046 | D:8      | Found an ornate altar of the Wu Jian Council.
 12183 | D:9      | Reached *** piety under Kikubaaqudgha
 12183 | D:9      | Received a gift from Kikubaaqudgha
 12184 | D:9      | Acquired 820 gold pieces
 12312 | D:4      | Bought the +6 quarterstaff "Trog's Hatred" {vorpal, rPois
                  | Int+4 Stlth+} for 759 gold pieces
 12490 | D:9      | Reached skill level 10 in Fire Magic
 12492 | D:9      | Reached XP level 10. HP: 56/56 MP: 10/23
 13536 | D:9      | Noticed a cyclops
 13547 | D:9      | Killed a cyclops
 14244 | D:9      | Found a staircase to the Orcish Mines.
 14383 | D:9      | Identified the +11 spear of Change {flame, rN++ Int-2 Dex+3
                  | Stlth+}
 14781 | D:10     | Entered Level 10 of the Dungeon
 15006 | D:10     | Found a shimmering altar of Xom.
 15080 | D:10     | Reached **** piety under Kikubaaqudgha
 15086 | D:10     | Reached skill level 11 in Fire Magic
 15107 | D:10     | Noticed a boulder beetle
 15110 | D:10     | Found Plog's Assorted Antiques.
 15354 | D:10     | Killed a boulder beetle
 15355 | D:10     | Reached XP level 11. HP: 61/61 MP: 12/25
 15375 | D:10     | Reached skill level 5 in Hexes
 15862 | D:10     | Learned a level 5 spell: Borgnjor's Vile Clutch
 15883 | D:10     | Reached skill level 1 in Earth Magic
 16130 | D:10     | Bought a potion of brilliance for 84 gold pieces
 16139 | D:10     | Found a glowing silver altar of Zin.
 16141 | D:10     | Found a burning altar of Makhleb.
 16142 | D:10     | Noticed a blizzard demon
 16142 | D:10     | Noticed an angel
 16184 | D:10     | Reached skill level 10 in Necromancy
 16398 | D:10     | Noticed a skeletal warrior
 16413 | D:10     | Mangled by a skeletal warrior

Illustrated notes

Levels and vault maps discovered:
D:1:      onia_arrival_pyramid, layout_loops_cross,
          chequers_ecumenical_altar_simple, serial_glass, glass_columns_a,
          glass_columns_a
D:2:      layout_basic, grunt_decor_resistance, chequers_serial_rivers_marsh,
          uniq_jessica
D:3:      kennysheep_goblin_castle, layout_rooms, lightli_temple_of_fire,
          slow_altar_1, mainiacjoe_overflow_concentric_impassable,
          nicolae_tso_besieged_by_evil, grunt_ministairs_1,
          kennysheep_cross_room, uniq_terence
D:4:      layout_loops_ring, minmay_temple_entry_slanted, serial_shops,
          nicolae_shop_crystal, cheibrodos_sewer_entry_sluice, uniq_robin
D:5:      layout_rooms, nicolae_gozag_seed_capital,
          minmay_misc_feat_four_crosses, kennysheep_diamond
D:6:      layout_gridville
D:7:      layout_rooms, enter_bailey_2, lightli_orcish_oven
D:8:      layout_rooms, mainiacjoe_overflow_brackets,
          mainiacjoe_overflow_catwalk, kennysheep_little_box,
          chequers_serial_rivers_marsh, nrook_loot_triangle, hex_intersection,
          skrybe_limestone_x
D:9:      layout_long_grid, orc_0_dummy, grunt_potential
D:10:     hangedman_screamer, layout_rooms,
          grunt_temple_overflow_order_and_chaos_2, xom_butterflies,
          serial_shops, nicolae_diamond_shop, minmay_pinched_square
Temple:   nicolae_temple_bog_church

Skill      XL: |  1  2  3  4  5  6  7  8  9 10 11 |
---------------+----------------------------------+-----
Fire Magic     | 4 5 6 7 8 9 10 11 | 11.2
Conjurations   | 3 4 5 6 |  6.7
Spellcasting   | 4 5 6 7 8 9 |  9.6
Necromancy     | 2 5 7 8 10 | 10.6
Dodging        | 3 4 5 6 |  6.8
Fighting       | 1 2 3 4 |  4.3
Hexes          | 2 4 5 |  5.2
Earth Magic    | 4 |  4.7
Stealth        | |  2.4

Action                   |  1- 3 |  4- 6 |  7- 9 | 10-12 || total
-------------------------+-------+-------+-------+-------++-------
Melee: Dagger            |     7 |    39 |    17 |       ||    63
       Quarterstaff      |       |       |       |     3 ||     3
Throw: Dart              |       |       |       |     3 ||     3
 Cast: Foxfire           |    55 |   173 |   168 |   122 ||   518
       Scorch            |    10 |    31 |    35 |    42 ||   118
       Conjure Flame     |       |     2 |     3 |    18 ||    23
       Inner Flame       |       |     1 |     4 |    13 ||    18
       Flame Wave        |       |     1 |    14 |    16 ||    31
       Sublimation of Bl |       |       |       |     1 ||     1
       Anguish           |       |       |       |     1 ||     1
Evoke: Wand              |       |       |     3 |     1 ||     4
  Use: Scroll            |       |    15 |    10 |     4 ||    29
       Potion            |       |       |       |     1 ||     1
 Stab: Sleeping          |       |     1 |       |       ||     1
Armor: Robe              |     3 |    20 |       |       ||    23
       Animal skin       |       |       |    15 |       ||    15
       Acid dragon scale |       |       |       |    57 ||    57
Dodge: Dodged            |    18 |    77 |    44 |    57 ||   196
Block: Other             |       |       |    13 |    27 ||    40
       Reflection        |       |       |     1 |     2 ||     3
